Map: Ice and Chrome LE

Players

Reynor - Winner!

  • Race: Zerg Zerg
  • Spawn Location: 1:00

cure

  • Race: Terran Terran
  • Spawn Location: 7:00

Event: War Chest Team League

VOD

Have the link to the VOD?

Description

Time

  • Played on: July 31, 2020, 11:31 a.m.
  • Length: 23:34
Show
View Real Time Build Order
Export as new Build Order

Reynor Zerg - Winner!

Build Orders: Pool First, Muta Ling Bane 

Get SALT Encoding   

  12  0:00  Drone  
  13  0:12  Overlord  
  13  0:17  Drone  
  14  0:30  Drone  
  14  0:31  Drone  
  16  0:40  Spawning Pool  
  15  0:43  Drone  
  15  0:47  Drone  
  17  1:07  Hatchery  
  16  1:11  Drone  
  17  1:27  Zergling x4  
  17  1:28  Zergling x2  
  17  1:30  Queen  
  22  1:37  Extractor  
  22  1:39  Overlord  
  21  1:50  Drone  
  22  2:00  Drone  
  23  2:06  Queen  
  25  2:11  Drone  
  26  2:20  Drone  
  27  2:23  Drone  
  28  2:30  Drone  
  28  2:32  Drone  
  30  2:38  Drone  
  30  2:39  Drone  
  30  2:42  Hatchery  
  31  2:45  Overlord  
  31  2:47  Drone  
  31  2:51  Drone  
  33  2:57  Queen  
  35  2:59  Drone  
  35  3:04  Metabolic Boost  
  36  3:06  Drone  
  36  3:09  Drone  
  36  3:11  Drone  
  39  3:13  Drone  
  39  3:16  Drone x2  
  39  3:19  Drone  
  43  3:22  Overlord  
  43  3:25  Drone  
  44  3:40  Zergling x6, Queen  
  49  3:46  Queen, Drone  
  49  3:47  Overlord  
  52  3:54  Drone x3  
  52  3:55  Drone  
  56  3:57  Drone  
  57  4:03  Zergling x2  
  57  4:04  Overlord  
  57  4:07  Drone x3  
  57  4:08  Drone  
  62  4:13  Drone  
  61  4:18  Lair  
  61  4:19  Overlord  
  61  4:20  Spore Crawler  
  61  4:24  Queen  
  59  4:27  Drone x2  
  59  4:28  Drone  
  59  4:29  Extractor  
  59  4:31  Zergling x4, Spore Crawler  
  64  4:32  Zergling x2  
  64  4:35  Overlord  
  65  4:40  Zergling x4  
  65  4:41  Drone  
  65  4:44  Spore Crawler  
  67  4:48  Drone  
  67  4:49  Drone x2  
  67  4:51  Drone x2  
  72  4:53  Overlord, Drone x2  
  72  4:54  Drone  
  72  4:58  Drone x3  
  78  5:02  Overlord  
  78  5:04  Drone x2  
  80  5:08  Queen, Baneling Nest  
  80  5:12  Overlord  
  81  5:16  Overseer  
  81  5:21  Drone x2  
  83  5:22  Extractor  
  83  5:23  Drone, Extractor  
  83  5:26  Drone x2  
  84  5:34  Drone  
  85  5:36  Zergling x6  
  85  5:37  Drone x2  
  85  5:38  Drone x2  
  85  5:39  Drone  
  93  5:44  Spire  
  93  5:47  Hatchery  
  93  5:49  Drone x3  
  94  5:56  Overlord, Drone  
  95  5:59  Queen  
  95  6:00  Queen  
  95  6:02  Drone  
  95  6:03  Baneling x3  
  98  6:05  Overlord  
  98  6:09  Overlord  
  98  6:10  Overlord  
  98  6:15  Zergling x6  
  98  6:23  Zergling x14  
  98  6:24  Zergling x2  
  91  6:26  Drone  
  89  6:33  Zergling x2  
  89  6:35  Drone  
  89  6:36  Drone  
  85  6:40  Drone, Extractor  
  85  6:41  Drone x2  
  85  6:44  Drone  
  86  6:47  Drone x2  
  86  6:48  Drone x3, Extractor x2  
  89  6:55  Drone  
  89  6:57  Zerg Flyer Weapons Level 1  
  89  6:58  Drone  
  89  6:59  Drone  
  92  7:04  Evolution Chamber x2  
  92  7:05  Drone  
  87  7:08  Drone  
  87  7:12  Mutalisk x3  
  87  7:14  Drone x3  
  87  7:15  Drone x3  
  100  7:21  Mutalisk  
  102  7:24  Overlord  
  102  7:25  Drone  
  102  7:26  Drone  
  104  7:31  Mutalisk  
  104  7:34  Drone x4  
  104  7:36  Drone  
  111  7:37  Drone  
  111  7:42  Mutalisk x2  
  116  7:44  Drone  
  116  7:48  Zergling x12  
  116  7:51  Mutalisk  
  121  7:52  Drone  
  121  7:53  Drone x2  
  121  7:54  Overlord, Extractor  
  121  7:55  Extractor  
  124  7:58  Mutalisk x2  
  124  8:01  Hatchery  
  124  8:03  Overlord  
  124  8:04  Drone  
  128  8:07  Zerg Melee Weapons Level 1  
  128  8:11  Overlord  
  128  8:15  Drone x7  
  128  8:19  Mutalisk x2  
  135  8:21  Drone  
  135  8:22  Overlord x2  
  136  8:27  Overlord  
  136  8:31  Mutalisk x2  
  136  8:34  Drone x2  
  139  8:37  Zergling x2  
  139  8:38  Drone x2  
  139  8:39  Zerg Ground Armor Level 1, Drone  
  143  8:42  Zergling x4  
  143  8:46  Centrifical Hooks  
  145  8:49  Mutalisk  
  145  8:51  Mutalisk  
  145  8:53  Zergling x4  
  149  8:59  Drone  
  149  9:00  Zerg Flyer Weapons Level 2  
  150  9:05  Drone  
  150  9:06  Drone x2  
  150  9:07  Mutalisk  
  155  9:10  Zergling x6  
  155  9:11  Extractor  
  155  9:16  Mutalisk x2  
  161  9:18  Overlord  
  161  9:19  Drone x6  
  161  9:22  Zergling x2  
  161  9:23  Zergling x2  
  168  9:27  Mutalisk x3  
  174  9:34  Overlord  
  174  9:36  Hatchery, Overlord  
  173  9:38  Mutalisk x2  
  173  9:45  Zergling x8, Spine Crawler  
  177  9:46  Zergling x4, Spine Crawler x2  
  177  9:51  Overlord x2  
  180  9:55  Baneling x9  
  180  9:56  Zergling x10  
  185  10:01  Mutalisk x3  
  185  10:05  Zerg Melee Weapons Level 2  
  192  10:07  Zergling x4  
  192  10:09  Zergling x10  
  192  10:13  Pneumatized Carapace  
  192  10:14  Overseer  
  198  10:15  Overseer  
  198  10:17  Baneling x3  
  198  10:18  Baneling  
  198  10:19  Overlord, Baneling  
  198  10:26  Zergling x8  
  200  10:32  Extractor, Baneling x13  
  199  10:42  Baneling x4  
  199  10:49  Zerg Ground Armor Level 2  
  199  10:53  Zergling x2  
  198  11:02  Infestation Pit  
  198  11:03  Zergling x2  
  198  11:04  Zergling x4  
  185  11:19  Zergling x48  
  185  11:22  Zergling x6  
  192  11:26  Mutalisk  
  192  11:28  Zergling x10  
  199  11:43  Hive  
  199  11:44  Baneling x20  
  199  11:46  Baneling x4  
  199  11:47  Baneling x3  
  199  11:53  Hatchery  
  198  11:57  Zergling x6  
  198  11:59  Zerg Flyer Armor Level 1  
  188  12:19  Zergling x4  
  188  12:20  Zergling x30  
  188  12:22  Corruptor x3  
  156  12:23  Corruptor x4  
  156  12:29  Corruptor x2  
  155  12:30  Corruptor  
  155  12:33  Zergling x8  
  155  12:34  Baneling x3  
  155  12:35  Baneling  
  155  12:36  Zergling x2, Queen  
  165  12:38  Corruptor x3  
  165  12:40  Zergling x10  
  165  12:41  Zergling x8  
  165  12:44  Baneling x13  
  178  12:47  Zergling x10  
  183  12:53  Baneling  
  183  12:54  Zergling x4, Baneling x11  
  183  13:03  Zerg Melee Weapons Level 3, Ultralisk Cavern  
  176  13:08  Zergling x32, Hatchery  
  191  13:16  Zerg Ground Armor Level 3  
  189  13:33  Drone x11  
  200  13:51  Chitinous Plating  
  200  13:54  Baneling x5  
  200  14:01  Zergling x40  
  185  14:05  Ultralisk  
  185  14:06  Zergling x4, Ultralisk x2  
  188  14:10  Zergling x10  
  190  14:17  Drone x7  
  190  14:22  Zergling x4  
  199  14:28  Baneling x10  
  199  14:31  Zerg Flyer Weapons Level 3  
  199  14:36  Zergling x2  
  196  14:43  Zergling x8  
  198  14:48  Zergling x4  
  199  14:54  Baneling x6  
  199  14:57  Overseer  
  199  15:12  Zergling x24  
  199  15:13  Zergling x8  
  198  15:14  Zergling x2  
  198  15:15  Zergling x4  
  198  15:18  Zergling x16  
  187  15:22  Zergling x2, Ultralisk x3  
  187  15:27  Anabolic Synthesis  
  193  15:29  Zergling x12  
  193  15:32  Pathogen Glands  
  197  15:38  Zergling x6  
  199  15:49  Zergling x6  
  199  15:51  Baneling x10  
  199  16:14  Drone x3  
  199  16:16  Hatchery  
  195  16:25  Zergling x20  
  182  16:26  Zergling x10  
  182  16:29  Zergling x2, Ultralisk x3  
  182  16:30  Zergling x24  
  194  16:33  Zergling x12  
  194  16:38  Zergling x6  
  194  16:39  Zergling x22  
  194  16:46  Zergling x2, Ultralisk  
  199  16:50  Drone x2  
  199  16:51  Drone x3  
  200  17:04  Baneling x10  
  189  17:16  Zergling x22  
  189  17:18  Overseer x2  
  189  17:22  Adrenal Glands  
  200  17:27  Baneling  
  200  17:28  Baneling x6  
  199  17:30  Zergling x2  
  200  17:37  Neural Parasite  
  200  17:39  Burrow  
  196  17:57  Infestor x6  
  174  17:59  Zergling x18, Ultralisk x3  
  199  18:27  Ultralisk  
  200  18:28  Baneling x15  
  200  18:29  Overlord x4  
  200  18:32  Baneling x6  
  195  18:45  Zergling x2, Ultralisk x2  
  184  18:50  Zergling x30  
  198  19:00  Zergling x8  
  200  19:06  Zergling x2  
  200  19:07  Hatchery  
  196  19:17  Hatchery  
  189  19:27  Zergling x20  
  197  19:36  Ultralisk  
  197  19:37  Zergling x2, Ultralisk  
  184  19:43  Zergling x10  
  184  19:44  Zergling x46  
  179  19:46  Ultralisk  
  179  19:50  Ultralisk  
  185  19:55  Zergling x2, Ultralisk x2  
  185  19:56  Zergling x2  
  197  20:00  Zergling x2  
  197  20:01  Zergling x2  
  196  20:08  Zergling x2  
  196  20:09  Zergling x8  
  196  20:14  Overlord  
  185  20:24  Infestor x3  
  185  20:27  Zergling x12  
  153  20:31  Zergling x6, Ultralisk  
  153  20:35  Infestor  
  159  20:39  Zergling x6  
  159  20:40  Zergling x2  
  161  20:45  Infestor x2  
  162  20:57  Infestor x2  
  162  20:58  Infestor x3  
  162  21:01  Zergling x6  
  175  21:14  Zergling x10  
  179  21:19  Hatchery  
  179  21:21  Zergling x12  
  184  21:27  Zergling x6  
  184  21:28  Zergling x6  
  190  21:33  Zergling x2  
  190  21:34  Zergling x8  
  195  21:41  Baneling x4  
  195  21:42  Baneling x6  
  195  21:46  Zergling x2  
  195  22:02  Overseer x2  
  195  22:07  Drone x12  
  195  22:08  Drone x4  
  196  22:12  Infestor x11  
  188  22:20  Drone x3  
  191  22:27  Zergling x6  
  191  22:29  Baneling x10  
  194  22:31  Zergling x6  
  193  22:46  Zergling x14  
  195  22:55  Zergling x2  
  195  22:56  Zergling x14  
  199  23:06  Zergling x2  
  199  23:12  Zergling x8  
  188  23:14  Zergling x10  
Show
View Real Time Build Order
Export as new Build Order

cure Terran 

Build Orders: Reaper Expand, Mech 

Get SALT Encoding   

  12  0:00  SCV  
  13  0:12  SCV  
  14  0:17  Supply Depot  
  14  0:24  SCV  
  15  0:38  SCV  
  15  0:40  Barracks  
  16  0:42  Refinery  
  16  0:50  SCV  
  17  1:03  SCV  
  18  1:15  SCV  
  19  1:27  Reaper, Orbital Command  
  20  1:39  Command Center  
  20  1:47  Supply Depot  
  20  1:53  SCV  
  22  2:02  Marine  
  22  2:05  SCV  
  23  2:11  Factory  
  23  2:17  SCV  
  23  2:20  Barracks Reactor  
  23  2:21  Refinery  
  24  2:29  SCV  
  25  2:41  SCV  
  26  2:52  Orbital Command  
  26  2:53  SCV  
  26  2:54  Factory Tech Lab  
  26  2:56  Marine  
  26  2:57  Starport  
  29  3:05  SCV  
  29  3:17  SCV  
  29  3:19  SCV  
  31  3:22  Hellion x2  
  35  3:29  Supply Depot  
  35  3:30  SCV  
  35  3:31  SCV  
  35  3:33  Fusion Core  
  37  3:42  SCV  
  37  3:43  SCV  
  37  3:44  Hellion x2  
  43  3:53  Supply Depot  
  43  3:54  SCV  
  43  3:55  SCV  
  45  4:02  Command Center  
  45  4:06  SCV  
  45  4:07  SCV  
  45  4:09  Barracks Tech Lab  
  47  4:19  Refinery  
  47  4:21  Refinery  
  50  4:25  SCV x2  
  52  4:31  Supply Depot  
  52  4:39  SCV  
  52  4:40  SCV  
  52  4:42  Battlecruiser  
  57  4:46  Hellion x2  
  57  4:51  SCV  
  62  4:53  SCV  
  63  5:03  SCV  
  63  5:05  SCV, Factory  
  64  5:07  Factory  
  64  5:12  Barracks Tech Lab  
  64  5:13  Hellion x2  
  68  5:16  SCV  
  68  5:17  SCV  
  70  5:22  Orbital Command  
  70  5:26  Weapon Refit  
  70  5:28  SCV  
  71  5:29  SCV  
  71  5:34  Hellion x2  
  76  5:40  SCV  
  76  5:41  SCV  
  78  5:47  Battlecruiser  
  78  5:48  Supply Depot  
  84  5:51  Orbital Command  
  84  5:53  SCV  
  84  5:55  Engineering Bay  
  85  6:03  Supply Depot  
  85  6:10  SCV, Hellion  
  92  6:13  Supply Depot  
  92  6:14  SCV  
  92  6:18  Hellion  
  91  6:19  SCV  
  91  6:22  SCV  
  91  6:24  Siege Tank x2  
  90  6:26  SCV  
  90  6:31  SCV  
  84  6:35  Refinery  
  84  6:38  SCV  
  84  6:39  SCV  
  84  6:42  Hellion x2  
  84  6:43  SCV  
  84  6:44  Refinery  
  85  6:47  Supply Depot  
  85  6:49  Armory, Engineering Bay  
  85  6:50  Armory  
  85  6:51  SCV x2  
  87  6:55  SCV  
  87  7:00  Battlecruiser  
  94  7:07  SCV x3  
  96  7:11  Siege Tank x2  
  96  7:15  Missile Turret  
  102  7:18  Missile Turret  
  102  7:19  Missile Turret  
  102  7:21  Hellion  
  104  7:23  SCV x3  
  107  7:37  Factory  
  107  7:39  Factory  
  107  7:40  Terran Vehicle Weapons Level 1  
  107  7:41  Terran Vehicle And Ship Armor Level 1  
  107  7:42  SCV x3  
  110  7:49  Widow Mine  
  110  7:50  Cyclone, Widow Mine  
  115  7:54  Supply Depot  
  115  7:55  Supply Depot  
  115  7:57  Supply Depot x2  
  115  7:59  Missile Turret  
  115  8:09  Command Center  
  115  8:13  Hellion  
  115  8:15  Hellion  
  115  8:16  Cyclone  
  114  8:24  SCV x2  
  114  8:25  SCV  
  114  8:26  Factory Reactor  
  117  8:27  Mag-Field Accelerator  
  117  8:32  Starport Reactor, Infernal Pre-Igniter  
  115  8:41  Cyclone  
  115  8:42  Hellion x2, Cyclone  
  125  8:48  Cyclone  
  128  8:59  Factory  
  128  9:00  Factory x2  
  128  9:05  Widow Mine  
  128  9:06  Widow Mine  
  132  9:17  Cyclone x2, Liberator  
  132  9:18  Liberator  
  132  9:22  Hellion x3  
  149  9:27  Hellion  
  151  9:45  Refinery, Factory Tech Lab  
  145  9:46  Missile Turret, Factory Tech Lab  
  145  9:47  Factory Reactor, Missile Turret  
  145  9:48  Missile Turret  
  145  9:49  Refinery, Missile Turret  
  145  9:50  Missile Turret  
  145  9:51  Planetary Fortress  
  145  9:54  Sensor Tower  
  145  9:55  Missile Turret  
  141  10:00  Command Center  
  141  10:01  Sensor Tower  
  141  10:02  Liberator  
  141  10:03  Hellion  
  141  10:04  Hellion  
  141  10:05  Supply Depot x2  
  148  10:10  Terran Vehicle Weapons Level 2  
  148  10:13  Hellion x2  
  148  10:14  Hellion  
  154  10:19  Liberator  
  156  10:29  Command Center  
  156  10:37  Widow Mine x3  
  156  10:39  Drilling Claws, Smart Servos  
  168  10:44  Hellion  
  168  10:45  Hellion x2  
  168  10:46  Liberator  
  168  10:47  Terran Vehicle And Ship Armor Level 2  
  171  11:02  Siege Tank x2, Liberator  
  180  11:08  Supply Depot x2  
  180  11:12  Command Center  
  180  11:15  Command Center  
  161  11:29  SCV x3  
  158  11:33  Liberator  
  158  11:35  Command Center  
  161  11:41  SCV x3  
  161  11:43  Supply Depot  
  161  11:45  Supply Depot  
  164  11:50  Missile Turret, Neosteel Armor  
  164  11:51  Missile Turret  
  164  11:53  Siege Tank  
  165  11:54  SCV x3, Siege Tank x2  
  173  12:01  Missile Turret  
  173  12:06  SCV  
  160  12:24  Hellion x2, Cyclone, Siege Tank  
  160  12:25  Cyclone  
  160  12:26  Orbital Command, Siege Tank  
  171  12:33  SCV x2  
  171  12:34  SCV  
  174  12:38  Orbital Command  
  174  12:51  SCV x3  
  177  12:53  Orbital Command  
  177  12:57  SCV x2  
  179  13:03  SCV x2  
  181  13:09  SCV x3  
  181  13:10  Planetary Fortress  
  181  13:11  Missile Turret  
  178  13:13  Thor  
  184  13:26  Thor  
  186  13:30  Missile Turret  
  186  13:33  Terran Vehicle Weapons Level 3  
  186  13:37  Siege Tank  
  186  13:38  Hellion x2  
  193  13:46  Sensor Tower  
  193  13:48  SCV x3  
  196  13:50  SCV, Missile Turret  
  196  13:53  SCV, Missile Turret  
  198  14:00  Missile Turret  
  165  14:06  Cyclone x2  
  165  14:08  Hellion, Cyclone  
  165  14:09  Siege Tank  
  144  14:17  Siege Tank  
  144  14:18  Hellion  
  146  14:30  Orbital Command  
  146  14:35  Terran Vehicle And Ship Armor Level 3  
  146  14:38  Cyclone  
  145  14:43  Hellion x3, Cyclone, Siege Tank x2  
  156  14:49  Siege Tank  
  159  14:56  Hellion x2  
  157  15:10  Cyclone  
  151  15:15  Hellion x2, Cyclone, Siege Tank x2  
  151  15:21  Cyclone  
  140  15:30  SCV x4  
  144  15:42  Siege Tank  
  147  15:47  Cyclone, Siege Tank  
  147  15:48  SCV x5  
  147  15:49  SCV  
  159  15:51  Hellion, Siege Tank  
  159  15:54  Missile Turret  
  159  15:56  Sensor Tower  
  164  16:01  Thor  
  164  16:03  SCV  
  171  16:04  SCV  
  171  16:07  SCV x2  
  172  16:14  Thor  
  178  16:19  Siege Tank  
  153  16:34  SCV x3  
  153  16:35  Orbital Command  
  153  16:36  Cyclone  
  153  16:37  Hellion x2, Cyclone  
  149  16:45  Siege Tank  
  150  16:51  Siege Tank  
  150  16:53  Hellion x2  
  150  16:54  Hellion  
  155  16:57  Siege Tank  
  155  17:00  SCV  
  159  17:03  SCV x3  
  162  17:09  Cyclone, Siege Tank  
  168  17:17  Siege Tank  
  168  17:20  Orbital Command  
  163  17:24  SCV x4, Missile Turret  
  163  17:25  Hellion x4  
  165  17:36  Thor x2  
  177  17:45  SCV x4  
  177  17:46  SCV  
  179  17:51  Cyclone  
  165  17:58  Cyclone  
  165  17:59  Hellion  
  170  18:10  SCV  
  170  18:11  SCV x3  
  170  18:12  Missile Turret  
  174  18:18  Siege Tank  
  174  18:19  Hellion x2  
  170  18:28  Cyclone, Siege Tank  
  176  18:37  Hellion, Cyclone, Siege Tank  
  170  18:50  Hellion x2  
  170  18:51  Siege Tank  
  177  19:14  Thor  
  177  19:15  Hellion x2, Siege Tank x2  
  187  19:25  Hellion, Siege Tank x2  
  175  19:42  Hellion x2  
  175  19:43  Hellion  
  150  19:47  Cyclone  
  150  19:51  Siege Tank  
  156  19:55  Hellion  
  156  19:59  Hellion  
  160  20:08  Hellion, Siege Tank  
  163  20:14  SCV x2  
  163  20:15  SCV  
  159  20:28  Siege Tank  
  125  20:29  Hellion  
  125  20:32  Widow Mine  
  109  20:44  Hellion x2  
  113  20:53  Cyclone  
  113  20:55  Widow Mine  
  118  20:57  Refinery  
  118  21:03  Hellion x2  
  122  21:16  Widow Mine x2  
  126  21:23  Cyclone  
  129  21:26  Refinery  
  129  21:33  Widow Mine x2  
  129  21:34  Widow Mine x2  
  135  21:41  Cyclone  
  135  21:42  Missile Turret  
  138  21:48  Cyclone  
  138  21:49  Hellion  
  138  21:50  Hellion x2, Widow Mine  
  149  21:56  Command Center  
  149  21:57  Cyclone  
  149  21:58  Widow Mine  
  158  22:01  Hellion x2  
  160  22:08  Widow Mine  
  160  22:11  Cyclone, Widow Mine x2  
  167  22:21  Cyclone  
  167  22:22  Cyclone  
  163  22:38  Cyclone x2  
  163  22:39  Hellion x2, Widow Mine x2  
  146  23:01  Cyclone x3  
  146  23:03  Hellion x2  
  148  23:06  Hellion  
  148  23:10  Hellion  
Tags
 
Add a new tag
Caveats
  • Supply blocks, unpowered buildings, or Contaminate may cause inaccurate times.
  • Supply counts are checked every 10 seconds.